 Dungeon Crawl Stone Soup version 0.20-a0-269-g17f5411 (webtiles) character file.

756 DEFE the Chopper (level 7, -9/99 HPs)
             Began as a Deep Dwarf Berserker on Dec 8, 2016.
             Was a Believer of Trog.
             Mangled by an orc warrior
             ... wielding a +0 trident
              (10 damage)
             ... on level 6 of the Dungeon.
             The game lasted 00:04:19 (2527 turns).

DEFE the Chopper (Deep Dwarf Berserker)             Turns: 2527, Time: 00:04:19

Health: -9/99      AC:  8    Str: 27    XL:     7   Next: 50%
Magic:  7/7        EV:  9    Int:  8    God:    Trog [**....]
Gold:   217        SH:  0    Dex: 12    Spells: 6/6 levels left

rFire  . . .     SeeInvis .     a - +0 hand axe
rCold  + . .     Gourm    .     s - +1 plate armour {rC+}
rNeg   . . .     Faith    .     (no shield)
rPois  .         Spirit   .     (no helmet)
rElec  .         Reflect  .     (no cloak)
rCorr  .         Harm     .     (no gloves)
MR     +++..     Rnd*Tele +     (no boots)
Stlth  ..........               (no amulet)
                                (no ring)
                                (no ring)

@: berserking, non-regenerating, very quick
A: damage resistance, recharge devices, deformed body, mutation resistance 1,
sense surroundings 1, slow regeneration 3, teleportitis 1
a: Device Recharging, Berserk, Trog's Hand, Burn Spellbooks, Renounce Religion


You were on level 6 of the Dungeon.
You worshipped Trog.
Trog was pleased with you.
You were very hungry.

You visited 1 branch of the dungeon, and saw 6 of its levels.

You collected 217 gold pieces.

Inventory:

Hand Weapons
 a - a +0 hand axe (weapon)
Armour
 b - a +0 animal skin
 s - a +1 plate armour of cold resistance (worn)
Wands
 c - a wand of heal wounds (3/9)
Scrolls
 f - 4 scrolls of remove curse
 g - a scroll of fog {unknown}
 h - a scroll of noise {unknown}
 n - a scroll of magic mapping {unknown}
 u - 2 scrolls of fear {unknown}
 v - 3 scrolls of teleportation {unknown}
 x - a scroll of amnesia {unknown}
Potions
 e - 3 potions of curing
 i - 2 potions of mutation {unknown}
 j - 3 potions of agility
 k - 2 potions of flight {unknown}
 l - 3 potions of cancellation
 m - a potion of heal wounds {unknown}
 p - a potion of brilliance {unknown}
 q - 2 potions of magic {unknown}
 r - a potion of berserk rage {unknown}
 t - a potion of lignification {unknown}
 w - a potion of invisibility
Comestibles
 d - 3 bread rations
 o - a fruit
 z - a meat ration


   Skills:
 + Level 4.6 Fighting
 + Level 5.4 Axes
 + Level 5.2 Armour
 + Level 5.0 Dodging


You had 6 spell levels left.
You didn't know any spells.

Dungeon Overview and Level Annotations

Branches:
Dungeon (7/15)
 Temple: D:4-7

Altars:
Elyvilon
Fedhas
Gozag
Nemelex Xobeh
Okawaru
Qazlal
Trog
Uskayaw
The Shining One

Shops:
D:3 *


Innate Abilities, Weirdness & Mutations

You are resistant to damage.
You can recharge devices by infusing magical energy.
You passively map a small area around you.
You do not regenerate.
Armour fits poorly on your strangely shaped body.
You are somewhat resistant to further mutation.
You are occasionally teleported next to monsters.


Message History

The orc wizard blinks!
The gnoll hits you but does no damage.
The gnoll hits you from afar with a halberd.
* * * LOW HITPOINT WARNING * * *
The gnoll closely misses you.
The orc warrior hits you from afar with a trident!
* * * LOW HITPOINT WARNING * * *
You start eating one of the 2 fruits.
The gnoll hits you from afar with a spear.
You are feeling very hungry.
Mmm - a full handful of almonds!
Unknown command.
Unknown command.
You hit the gnoll.
You kill the gnoll!
Trog accepts your kill.
Your Dodging skill increases to level 5!
The gnoll hits you from afar with a halberd!
* * * LOW HITPOINT WARNING * * *
The orc warrior hits you from afar with a trident!
You die...

, , , ,, ,*##.....# * ,,
*#. ,...o..# *, * *#.
......# * * . #..,......#
.oo5... ..#.. #.....#
#Z..... ##.....#g.o>.#
#.o....,.#.#...#)[g§.#
#......#... #...@##
...........###....#
#........ ..##....#
........# .......#
........#####.....##
###...#...# ##.....
#.#...#)####...### #.
#....)..##...############
,,
#.#..)........##........#


You could see an orc warrior, an orc wizard and 2 gnolls.

Vanquished Creatures
  A sky beast (D:6)
  An orc warrior (D:6)
  An ogre (D:6)
  A bullfrog (D:6)
  A crimson imp (D:6)
  A centaur zombie (D:6)
  A jelly (D:6)
  An orc priest (D:6)
  2 hounds
  2 worker ants
  A gnoll (D:6)
  8 adders
  An ooze (D:3)
  3 worms
  2 dart slugs (D:2)
  7 leopard geckos
  6 orcs
  9 giant cockroaches
  6 goblins
  5 hobgoblins
  5 jackals
  A quokka (D:3)
  A ball python (D:2)
  9 bats
  4 frilled lizards
  A jackal skeleton (D:3)
  4 kobolds
  6 rats
91 creatures vanquished.

Notes
Turn   | Place    | Note
-------+----------+-------------------------------------------
     0 | D:1      | DEFE the Deep Dwarf Berserker began the quest for the Orb.
     0 | D:1      | Reached XP level 1. HP: 20/20 MP: 1/1
   164 | D:1      | Reached XP level 2. HP: 14/27 MP: 2/2
   769 | D:2      | Reached XP level 3. HP: 34/34 MP: 3/3
   945 | D:2      | Reached ** piety under Trog
   948 | D:2      | Reached XP level 4. HP: 39/42 MP: 4/4
  1181 | D:2      | Found a sparkling altar of Nemelex Xobeh.
  1517 | D:3      | Found a faded altar of an unknown god.
  1575 | D:3      | Reached XP level 5. HP: 40/49 MP: 5/5
  1597 | D:3      | Found a glowing golden altar of the Shining One.
  1597 | D:3      | Found an iron altar of Okawaru.
  1602 | D:3      | Found a blossoming altar of Fedhas.
  1603 | D:3      | Found a bloodstained altar of Trog.
  1603 | D:3      | Found a hide-covered altar of Uskayaw.
  1603 | D:3      | Found a stormy altar of Qazlal.
  1603 | D:3      | Found a white marble altar of Elyvilon.
  1797 | D:3      | Found an opulent altar of Gozag.
  1797 | D:3      | Found Gozag's Platinum Reserve.
  2191 | D:4      | You fall through a shaft for 3 floors!
  2219 | D:6      | Reached XP level 6. HP: 57/57 MP: 6/6
  2363 | D:6      | Noticed an orc warrior
  2364 | D:6      | Noticed a sky beast
  2384 | D:6      | Killed an orc warrior
  2384 | D:6      | Reached skill level 5 in Axes
  2384 | D:6      | Reached XP level 7. HP: 39/66 MP: 7/7
  2386 | D:6      | Reached skill level 5 in Armour
  2476 | D:6      | Gained mutation: Armour fits poorly on your strangely shaped body. [mutagenic meat]
  2477 | D:6      | Gained mutation: You are occasionally teleported next to monsters. [mutagenic meat]
  2479 | D:6      | Gained mutation: You are somewhat resistant to further mutation. [mutagenic meat]
  2527 | D:6      | Reached skill level 5 in Dodging
  2527 | D:6      | HP: 1/99 [gnoll/halberd (8)]
  2527 | D:6      | Mangled by an orc warrior

Vault maps used:
D:1:      dpeg_arrival_houses_and_road
D:2:      overflow_temple_1_default
D:3:      nicolae_gozag_zags_fifth_avenue, minitemple,
          chequers_ecumenical_altar_simple, first_bread
D:6:      slow_altar_1

Skill      XL: |  1  2  3  4  5  6  7 |
---------------+----------------------+-----
Fighting       | 3 4 |  4.6
Armour         | 3 4 5 |  5.2
Dodging        | 3 4 5 |  5.0
Axes           | 4 5 |  5.4

Action                   |  1- 3 |  4- 6 |  7- 9 || total
-------------------------+-------+-------+-------++-------
Melee: Hand axe          |   125 |   248 |    93 ||   466
Invok: Berserk           |     1 |     4 |     1 ||     6
       Trog's Hand       |       |     6 |     1 ||     7
Evoke: Wand              |     2 |       |       ||     2
  Use: Scroll            |       |     5 |       ||     5
 Stab: Sleeping          |     2 |     1 |       ||     3
  Eat: Chunk             |     1 |     4 |     6 ||    11
       Fruit             |       |     2 |     1 ||     3
       Bread ration      |       |     1 |       ||     1
Armor: Animal skin       |    56 |     1 |       ||    57
       Plate armour      |       |   149 |    63 ||   212
Dodge: Dodged            |   136 |   104 |    31 ||   271
